 Dungeon Crawl Stone Soup version 0.32-a0-711-g016ad743e0 (webtiles) character file.

Game seed: 17656442446098432791

1277 senseless the Trooper (level 8, -2/51 (62) HPs)
             Began as a Coglin Gladiator on Mar 15, 2024.
             Killed by divine providence
             ... invoked by Jeremiah
              (9 damage)
             ... on level 6 of the Dungeon.
             The game lasted 00:14:37 (5104 turns).

senseless the Trooper (Coglin Gladiator)            Turns: 5104, Time: 00:14:39

HP:   -2/51 (62)    AC:  8    Str: 16    XL:     8   Next: 54%
MP:   8/8           EV: 12    Int:  7    God:
Gold: 399           SH:  0    Dex: 17    Spells: 7/7 levels left

rFire   . . .        a - +0 trident {Shu}
rCold   . . .        f - +2 trident (heavy) {Arun}
rNeg    . . .        s - +0 ring mail
rPois   .            l - +1 hat {Will+}
rElec   .            (no cloak)
rCorr   .            p - +0 pair of gloves
SInv    .            (no boots)
Will    +....        (amulet unavailable)
Stlth   +            (ring unavailable)
HPRegen 0.28/turn    (ring unavailable)
MPRegen 0.11/turn    (no gizmo)

%: no passive effects
@: heavily drained, revved
A: off-hand wielding, slow wielding, warmup strikes, no jewellery
a: Invent Gizmo


You were on level 6 of the Dungeon.
You visited 1 branch of the dungeon, and saw 6 of its levels.
You also visited: Sewer.

You collected 443 gold pieces.
You spent 44 gold pieces at shops.

Inventory:

Hand Weapons
 a - a +0 trident (weapon) {Shu}
 f - a +2 heavy trident (offhand) {Arun}
 v - a +2 short sword of flaming
Missiles
 d - a throwing net (quivered)
 e - 6 javelins
 h - 4 datura-tipped darts
 j - 4 atropa-tipped darts
 o - 3 darts of dispersal
 w - 4 boomerangs
Armour
 c - a +0 helmet
 g - a +0 chain mail
 l - a +1 hat of willpower (worn)
 p - a +0 pair of gloves (worn)
 s - a +0 ring mail (worn)
Wands
 r - a wand of mindburst (16)
Scrolls
 q - 3 scrolls of poison
 u - 4 scrolls of teleportation
Potions
 b - a potion of might {unknown}
 i - a potion of invisibility {unknown}
 k - 2 potions of lignification {unknown}
 m - 2 potions of curing
 n - 3 potions of ambrosia
 t - 3 potions of berserk rage {unknown}
 x - 3 potions of enlightenment


   Skills:
 + Level 5.0 Fighting
 + Level 4.9 Polearms
 + Level 4.0 Throwing
 + Level 3.9 Armour
 + Level 4.9 Dodging


You had 7 spell levels left.
You didn't know any spells.
Your spell library contained the following spells:

 Spells                   Type           Power      Damage    Failure   Level
 Slow                     Hex            0%         N/A       63%         1
 Confusing Touch          Hex            0%         N/A       94%         3
 Sigil of Binding         Hex            0%         N/A       94%         3
 Vampiric Draining        Necr           0%         2d6       94%         3
 Vhi's Electric Charge    Tloc/Air       0%         N/A       100%        4
 Arcjolt                  Conj/Air       0%         1d10      100%        5
 Death Channel            Necr           0%         N/A       100%        6
 Plasma Beam              Fire/Air       0%         2x1d10    100%        6
 Sculpt Simulacrum        Ice/Alch       0%         N/A       100%        6


Dungeon Overview and Level Annotations

Branches:
Dungeon (6/15)              Sewer (visited)
 Temple: D:4-7

Altars:
Ashenzari
Dithmenos
Trog

Shops:
D:2 !

Annotations:
D:6 Jeremiah


Innate Abilities, Weirdness & Mutations

You can wield a second weapon in your off-hand.
It takes a long time for you to wield or remove held weapons.
Your first few attacks do less damage.
You cannot equip rings or amulets.


Message History

Press: ? - help, Dir - move target, f/p - Jeremiah
Aim: Jeremiah, wielding a +2 trident of draining, wearing a +0 robe and wearing an orb of mayhem (heavily wounded, about 44% to evade your +0 trident)
You reach to attack!
You barely miss Jeremiah with your +0 trident.
Jeremiah is heavily wounded.
You barely miss Jeremiah with your +2 heavy trident.
The butterfly disappears in a burst of colours! x2
Jeremiah hits you from afar with a +2 trident of draining.
You feel drained.
Throw: 2 throwing nets
Press: ? - help, Q - select action, (/) - cycle Shift-Dir - straight line, f/p - Jeremiah
Aim: Jeremiah, wielding a +2 trident of draining, wearing a +0 robe and wearing an orb of mayhem (heavily wounded, 55% to hit)
You throw a throwing net.
The throwing net closely misses Jeremiah.
The throwing net closely misses the butterfly.
Jeremiah hits you from afar with a +2 trident of draining.
You feel drained.
Reach: a) +0 trident {Shu}
Press: ? - help, Dir - move target, f/p - Jeremiah
Aim: Jeremiah, wielding a +2 trident of draining, wearing a +0 robe and wearing an orb of mayhem (heavily wounded, about 44% to evade your +0 trident)
You reach to attack!
You hit Jeremiah with your +2 heavy trident.
Jeremiah is heavily wounded.
You puncture Jeremiah with your +0 trident!
The butterfly disappears in a burst of colours!
Jeremiah cries, "Fearful master, protect me!"
Something smites you!
* * * LOW HITPOINT WARNING * * *
Reach: a) +0 trident {Shu}
Press: ? - help, Dir - move target, f/p - Jeremiah
Aim: Jeremiah, wielding a +2 trident of draining, wearing a +0 robe and wearing an orb of mayhem (severely wounded, about 44% to evade your +0 trident)
You reach to attack!
You hit Jeremiah with your +2 heavy trident.
Jeremiah is severely wounded.
You barely miss Jeremiah with your +0 trident.
The butterfly disappears in a burst of colours! x3
Jeremiah mumbles a slurred invocation.
Something smites you!
You die...
Jeremiah asks, "What happened?
Did... did you die?"

######## #
##...(..##
..#...bF...##
......bbbb..#
#..bb.b@b...#
#...bb.bb...#
...b..bb....#
....b....<..#
$.#........##
............#
............#
............#
............#


You could see Jeremiah.

Vanquished Creatures
  A water moccasin (D:5)
  A black bear (D:4)
  2 crocodiles (Sewer)
  A phantom (D:5)
  2 scorpions (D:5)
  An orc priest (D:4)
  A bombardier beetle (D:3)
  5 hounds
  A gnoll bouda (D:4)
  Jessica (D:3)
  An iguana (D:4)
  2 orc wizards (D:4)
  A malarious merfolk avatar (Sewer)
  A sickly merfolk siren (Sewer)
  8 gnolls
  11 adders
  3 river rats (Sewer)
  4 ribbon worms
  12 orcs
  5 ball pythons
  9 endoplasms
  5 giant cockroaches
  6 goblins
  7 hobgoblins
  9 quokkas
  4 bats
  7 frilled lizards
  7 kobolds
  40 rats
158 creatures vanquished.

Notes
Turn   | Place    | Note
-------+----------+-------------------------------------------
     0 | D:1      | senseless the Coglin Gladiator began the quest for the Orb.
     0 | D:1      | Reached XP level 1. HP: 16/16 MP: 1/1
   100 | D:1      | Reached XP level 2. HP: 22/22 MP: 2/2
   536 | D:1      | Reached skill level 1 in Armour
   537 | D:1      | Reached XP level 3. HP: 28/28 MP: 3/3
   944 | D:2      | Reached XP level 4. HP: 30/34 MP: 4/4
   972 | D:2      | Found Wanko's Distillery.
   995 | D:2      | Bought a potion of degeneration for 11 gold pieces
   995 | D:2      | Bought a potion of curing for 33 gold pieces
  1707 | D:3      | Identified a scroll of acquirement
  1707 | D:3      | Acquired a +2 heavy trident
  1816 | D:3      | Noticed Jessica
  1818 | D:3      | Killed Jessica
  1819 | D:3      | Reached skill level 3 in Fighting
  1819 | D:3      | Reached XP level 5. HP: 41/41 MP: 5/5
  2095 | D:3      | Found a bloodstained altar of Trog.
  2095 | D:3      | Found a broken altar of Ashenzari.
  2851 | D:4      | Reached XP level 6. HP: 6/47 MP: 6/6
  2853 | D:4      | HP: 2/47 [gnoll/+0 spear[a gnoll bouda] (8)]
  3332 | D:4      | Reached XP level 7. HP: 53/53 MP: 7/7
  3619 | D:4      | Reached skill level 4 in Fighting
  3775 | D:5      | Entered Level 5 of the Dungeon
  3950 | D:5      | Found a glowing drain.
  3969 | Sewer    | Entered a sewer
  3982 | Sewer    | Reached XP level 8. HP: 61/61 MP: 8/8
  4653 | D:5      | Found a shadowy altar of Dithmenos.
  4972 | D:6      | Noticed Jeremiah
  4983 | D:5      | Reached skill level 5 in Fighting
  5104 | D:6      | Killed from afar by Jeremiah

Illustrated notes

Levels and vault maps discovered:
D:1:      ldierk_walled_garden, layout_loops_ring
D:2:      layout_loops_ring, serial_shops, shop, minmay_rat_hole
D:3:      layout_loops_ring, jmf_multi_god_temple, supply_closet_lemuel,
          uniq_jessica
D:4:      minmay_razor_zed, layout_cave_pods, nrook_campfire
D:5:      layout_basic, kennysheep_mini_moat, cheibrodos_sewer_entry_bend
D:6:      layout_rooms, temple_green, uniq_maggie, uniq_jeremiah

Skill      XL: |  1  2  3  4  5  6  7  8 |
---------------+-------------------------+-----
Armour         | 1 2 3 |  3.9
Polearms       | 3 4 |  4.9
Dodging        | 3 4 |  4.9
Fighting       | 3 4 5 |  5.0
Throwing       | 2 3 4 |  4.0

Action                     |  1- 3 |  4- 6 |  7- 9 || total
---------------------------+-------+-------+-------++-------
  Melee: Trident           |    57 |   201 |   212 ||   470
         Dagger            |    28 |       |       ||    28
         Spear             |     5 |    40 |       ||    45
  Throw: Throwing net      |       |       |     2 ||     2
    Use: Scroll            |       |     8 |     1 ||     9
         Potion            |       |     2 |       ||     2
   Stab: Sleeping          |     5 |     2 |       ||     7
 Armour: Leather armour    |    26 |    29 |       ||    55
         Ring mail         |       |    56 |    64 ||   120
  Dodge: Dodged            |    21 |    89 |    62 ||   172

Table legend: (Time is in decaauts)
 A = Elapsed time spent in this place.
 B = Non-inter-level travel time spent in this place.
 C = Inter-level travel time spent in this place.
 D = Time resting spent in this place.
 E = Time spent auto-exploring this place.
 F = Levels seen in this place.
 G = Mean time per level.
                   A        B        C        D        E       F      G
               +--------+--------+--------+--------+--------+-----+--------+
         Total |   5250 |   5091 |    159 |    536 |   3452 |   7 |  750.0 |
       Dungeon |   4768 |   4609 |    159 |    536 |   3160 |   6 |  794.7 |
         Sewer |    482 |    482 |      0 |      0 |    291 |   1 |  482.0 |
               +--------+--------+--------+--------+--------+-----+--------+

Top non-repeatable levels by time:
     D:4: 1250 daAuts
     D:5: 910 daAuts
     D:2: 890 daAuts
     D:3: 862 daAuts
     D:1: 825 daAuts
   Sewer: 482 daAuts
     D:6: 28 daAuts
